 Dungeon Crawl Stone Soup version 0.30.1-11-g7821555f0a (webtiles) character file.

Game seed: 6041241043792024683

512733 Gabide the Cryomancer (level 22, -14/196 (202) HPs)
             Began as a Demigod Ice Elementalist on Oct 30, 2023.
             Demolished by a vampire knight
             ... wielding a +1 great mace
              (22 damage)
             ... on level 3 of the Crypt on Nov 5, 2023.
             The game lasted 06:43:15 (89265 turns).

Gabide the Cryomancer (Demigod Ice Elementalist)   Turns: 89265, Time: 06:43:15

HP:   -14/196 (202) AC: 18    Str:  7    XL:     22   Next: 58%
MP:   28/59         EV: 20    Int: 63    God:
Gold: 4147          SH:  0    Dex: 12    Spells: 0/57 levels left

rFire   . . .        O - staff of cold "Poteem" {Fragile Fly rC+ Int+8 Stlth+}
rCold   + + +        R - orb {light}
rNeg    + . .        B - +4 skin of Zhor {*Englaciate rC+++ SInv}
rPois   +            f - +2 helmet {Int+3}
rElec   +            P - +2 cloak {Stlth+}
rCorr   +            z - +0 pair of gloves of Zyidd {rC+ Regen+}
SInv    +            T - +2 pair of boots "Coyll" {rElec Will+}
Will    ++...        t - amulet "Buotsa" {Faith Regen+ rCorr Dex-2}
Stlth   ++           v - ring of Panymupt {rPois Will+ MP+9 Int+3}
HPRegen 2.12/turn    G - ring "Jifet" {rPois rN+ Int+4}
MPRegen 0.36/turn

%: faith
@: about to teleport, weak-willed, marked, flying, glowing, studying 2 skills,
lightly drained
A: high MP 1, forlorn, divine attributes, iridescent scales 1, weak 1
}: 4/15 runes: barnacled, slimy, silver, gossamer
a: no special abilities


You were on level 3 of the Crypt.
You visited 11 branches of the dungeon, and saw 49 of its levels.
You visited 1 bazaar.
You also visited: Sewer, Bailey and Ice Cave.

You collected 6688 gold pieces.
You spent 2541 gold pieces at shops.

Inventory:

Hand Weapons
 b - the +9 broad axe of Nol Tiud {speed, rElec rF++}
   (You found it on level 2 of the Spider Nest)

   rF:        It greatly protects you from fire.
   rElec:     It insulates you from electricity.
 K - the +2 Maxwell's thermic engine {flame, freeze, rev}
   (You found it on level 5 of the Pits of Slime)
Missiles
 Q - 6 curare-tipped darts
Armour
 f - a +2 helmet of intelligence (worn)
 z - the +0 pair of gloves of Zyidd (worn) {rC+ Regen+}
   (You found it on level 6 of the Dungeon)

   rC:        It protects you from cold.
   Regen:     It increases your rate of health regeneration.
 B - the +4 skin of Zhor (worn) {*Englaciate rC+++ SInv}
   (You found it in an ice cave)

   *Englaciate: It radiates cold, occasionally slowing all nearby creatures who
   are not resistant to cold.
   rC:        It renders you almost immune to cold.
   SInv:      It lets you see invisible.
 E - an orb of wrath
 J - the +1 leather armour of Too Many Cooks {rF++ Regen+ MP+9 Str-3}
   (You found it on level 5 of the Pits of Slime)

   Str:       It affects your strength (-3).
   rF:        It greatly protects you from fire.
   MP:        It affects your magic capacity (+9).
   Regen:     It increases your rate of health regeneration.
 P - a +2 cloak of stealth (worn)
 R - an orb of light (worn)
 T - the +2 pair of boots "Coyll" (worn) {rElec Will+}
   (You found it on level 14 of the Dungeon)

   rElec:     It insulates you from electricity.
   Will:      It increases your willpower.
 X - +2 steam dragon scales
Magical Staves
 O - the staff of cold "Poteem" (weapon) {Fragile Fly rC+ Int+8 Stlth+}
   (You found it on level 3 of the Elven Halls)

   [staff of cold]

   Base accuracy: +5 Base damage: 5 Base attack delay: 1.2 This weapon's minimum
   attack delay (0.6) is reached at skill level 12.
   Int:       It affects your intelligence (+8).
   rC:        It protects you from cold.
   Fly:       It grants you flight.
   Fragile:   It will be destroyed if unequipped.
   Stlth:     It makes you more stealthy.
   It falls into the 'Staves' category.
   It is a one-handed weapon.
Jewellery
 i - a ring of ice
 k - an amulet of magic regeneration
 o - a ring of fire
 t - the amulet "Buotsa" (around neck) {Faith Regen+ rCorr Dex-2}
   (You took it off a vault guard on level 5 of the Vaults)

   [amulet of faith]

   It allows you to gain divine favour quickly.
   Dex:       It affects your dexterity (-2).
   Regen:     It increases your rate of health regeneration.
   rCorr:     It protects you from acid and corrosion.
 v - the ring of Panymupt (left hand) {rPois Will+ MP+9 Int+3}
   (You took it off a deep elf sorcerer on level 3 of the Elven Halls)

   [ring of magical power]

   Int:       It affects your intelligence (+3).
   rPois:     It protects you from poison.
   MP:        It affects your magic capacity (+9).
   Will:      It increases your willpower.
 C - a ring of resist corrosion
 G - the ring "Jifet" (right hand) {rPois rN+ Int+4}
   (You found it on level 3 of the Vaults)

   [ring of poison resistance]

   Int:       It affects your intelligence (+4).
   rPois:     It protects you from poison.
   rN:        It protects you from negative energy.
 L - a +4 ring of slaying
 M - a ring of see invisible
 N - a ring of ice
Wands
 n - a wand of light (41)
 F - a wand of digging (29)
 S - a wand of paralysis (19)
 U - a wand of polymorph (23)
Scrolls
 e - 8 scrolls of immolation
 s - 8 scrolls of fear
 u - 18 scrolls of teleportation
 w - 6 scrolls of magic mapping
 y - 14 scrolls of enchant weapon
 D - 3 scrolls of brand weapon
 V - 12 scrolls of fog
 W - 3 scrolls of enchant armour
 Y - 11 scrolls of vulnerability
Potions
 c - 11 potions of brilliance
 d - 10 potions of might
 h - 19 potions of mutation
 j - 3 potions of invisibility
 m - 7 potions of lignification
 p - 8 potions of cancellation
 q - 4 potions of haste
 r - 14 potions of curing
 x - 9 potions of attraction
 A - 6 potions of resistance
 Z - 10 potions of ambrosia
Miscellaneous
 g - a condenser vane
 H - a phantom mirror (inert)
 I - a lightning rod (4/4)


   Skills:
 - Level 18.0 Fighting
 - Level 18.0 Dodging
 - Level 3.0 Stealth
 - Level 18.0 Spellcasting
 + Level 25.1 Ice Magic


You couldn't memorise any spells.
You knew the following spells:

 Your Spells              Type           Power      Damage    Failure   Level
a - Freeze                Ice            100%       1d10      0%          1
b - Frozen Ramparts       Ice            100%       1d16      0%          3
c - Ozocubu's Armour      Ice            100%       N/A       0%          3
d - Hailstorm             Conj/Ice       100%       3d20      0%          3
e - Polar Vortex          Ice            90%        N/A       1%          9
f - Summon Ice Beast      Ice/Summ       100%       N/A       0%          4
g - Freezing Cloud        Conj/Ice/Air   63%        6-21      1%          5
h - Swiftness             Air            54%        N/A       1%          3
i - Sublimation of Blood  Necr           54%        N/A       1%          2
k - Leda's Liquefaction   Hex/Erth       27%        N/A       1%          4
l - Iskenderun's Mystic   Conj/Tloc      54%        2d12      1%          4
m - Summon Lightning Spi  Summ/Air       54%        N/A       1%          4
n - Metabolic Englaciati  Hex/Ice        72%        N/A       1%          5
o - Ozocubu's Refrigerat  Ice            90%        4d27      0%          7

Your spell library contained the following spells:

 Spells                   Type           Power      Damage    Failure   Level
 Ensorcelled Hibernation  Hex/Ice        100%       N/A       0%          2
 Apportation              Tloc           100%       N/A       1%          1
 Foxfire                  Conj/Fire      100%       2x1d9     1%          1
 Necrotise                Necr           100%       1d9       1%          1
 Sandblast                Erth           100%       2d20      1%          1
 Summon Small Mammal      Summ           100%       N/A       1%          1
 Cigotuvi's Dreadful Rot  Necr/Pois/Air  100%       N/A       1%          2
 Passwall                 Tmut/Erth      45%        N/A       1%          2
 Poisonous Vapours        Pois/Air       100%       N/A       1%          2
 Scorch                   Fire           100%       2d9       1%          2
 Dazzling Flash           Conj/Hex       100%       N/A       1%          3
 Gell's Gravitas          Tloc           54%        N/A       1%          3
 Ignite Poison            Fire/Tmut/Pois 54%        N/A       1%          3
 Inner Flame              Hex/Fire       54%        N/A       1%          3
 Spider Form              Tmut/Pois      54%        N/A       1%          3
 Stone Arrow              Conj/Erth      100%       3d13      1%          3
 Teleport Other           Tloc           54%        N/A       1%          3
 Vampiric Draining        Necr           54%        2d9       1%          3
 Vhi's Electric Charge    Tloc/Air       100%       N/A       1%          3
 Volatile Blastmotes      Fire/Tloc      100%       2d18      1%          3
 Anguish                  Hex/Necr       27%        N/A       1%          4
 Animate Armour           Summ/Erth      100%       N/A       1%          4
 Animate Dead             Necr           54%        N/A       1%          4
 Cause Fear               Hex            27%        N/A       1%          4
 Flame Wave               Conj/Fire      54%        2d13      1%          4
 Fulminant Prism          Conj/Hex       27%        3d14      1%          4
 Petrify                  Tmut/Erth      54%        N/A       1%          4
 Sticky Flame             Conj/Fire      54%        2d7       1%          4
 Simulacrum               Ice/Necr       72%        N/A       1%          6
 Alistair's Intoxication  Tmut/Pois      36%        N/A       4%          5
 Arcjolt                  Conj/Air       27%        1d37      4%          5
 Borgnjor's Vile Clutch   Necr/Erth      27%        N/A       4%          5
 Fireball                 Conj/Fire      27%        3d12      4%          5
 Irradiate                Conj/Tmut      27%        3d20      4%          5
 Iskenderun's Battlesphe  Conj           54%        2d10      4%          5
 Lee's Rapid Deconstruct  Erth           27%        3d14*     4%          5
 Summon Forest            Summ/Tloc      27%        N/A       4%          5
 Summon Mana Viper        Hex/Summ       54%        N/A       4%          5
 Yara's Violent Unravell  Hex/Tmut       27%        3d12      4%          5
 Conjure Ball Lightning   Conj/Air       27%        3x3d8     24%         6
 Death Channel            Necr           27%        N/A       24%         6
 Dispersal                Tloc           27%        N/A       24%         6
 Eringya's Noxious Bog    Tmut/Pois      27%        N/A       24%         6
 Iron Shot                Conj/Erth      27%        9d6       24%         6
 Plasma Beam              Fire/Air       27%        2x1d43    24%         6
 Starburst                Conj/Fire      27%        6d9       24%         6
 Statue Form              Tmut/Erth      36%        N/A       24%         6
 Summon Cactus Giant      Summ           27%        N/A       24%         6
 Malign Gateway           Summ/Tloc      27%        N/A       80%         7
 Monstrous Menagerie      Summ           27%        N/A       80%         7
 Orb of Destruction       Conj           27%        9d9       80%         7
 Spellforged Servitor     Conj/Summ      27%        N/A       80%         7
 Storm Form               Tmut/Air       27%        N/A       80%         7
 Summon Hydra             Summ           27%        N/A       80%         7
 Borgnjor's Revivificati  Necr           27%        N/A       100%        8
 Discord                  Hex            27%        N/A       100%        8
 Lehudib's Crystal Spear  Conj/Erth      27%        10d7      100%        8
 Maxwell's Capacitive Co  Air            27%        ∞         100%        8
 Necromutation            Tmut/Necr      27%        N/A       100%        8
 Summon Horrible Things   Summ           27%        N/A       100%        8
 Death's Door             Necr           27%        N/A       100%        9


Dungeon Overview and Level Annotations

Branches:
Dungeon (15/15)            Temple (1/1) D:5            Lair (5/5) D:10
 Shoals (4/4) Lair:2       Spider (4/4) Lair:2        Slime (5/5) Lair:5
    Orc (2/2) D:12            Elf (3/3) Orc:2        Vaults (5/5) D:14
  Crypt (3/3) Vaults:3       Tomb (0/3) Crypt:3      Depths (2/4) D:15
  Sewer (visited)          Bailey (visited)           IceCv (visited)

Shops:
D:1 (   D:5 ?   D:15 *   Orc:1 (   Orc:2 (([[   Shoals:3 [   Vaults:2 !
Vaults:5 ?

Portals:
Hell: Depths:1
Abyss: Depths:2
Pandemonium: Depths:2
Ziggurat: Depths:2
Trove: D:11 (give +4 demon blade)

Annotations:
D:4 3 runed translucent doors, Almogavar's ghost, novice GnWn
D:14 Roxanne
Depths:1 1 exclusion
Depths:2 2 transporters, raetorn's ghost, adept MfTm


Innate Abilities, Weirdness & Mutations

You have an increased reservoir of magic. (+10% MP)
You shall have no god before yourself.
Your divine heritage dramatically boosts your attributes as you level up.
You are partially covered in iridescent scales. (AC +2)
You are weak. (Str -2)


Message History

As you read the scroll of teleportation, it crumbles to dust.
You feel strangely unstable. The winds around you calm down.
The ancient champion hits you with a +2 battleaxe of flaming!!!
* * * LOW HITPOINT WARNING * * *
The ancient champion burns you!
* * * LOW HITPOINT WARNING * * *
The revenant closely misses you.
The revenant hits you but does no damage.
The skeletal warrior hits you from afar with a +0 bardiche!
* * * LOW HITPOINT WARNING * * *
The curse skull rattles its jaw.
The ancient champion hits you but does no damage.
The vampire knight gestures wildly while chanting.
The vampire knight seems to speed up.
Unknown command.
Okay, then.
Unknown command.
Unknown command.
Unknown command.
Okay, then.
Unknown command.
Unknown command.
Okay, then.
Unknown command.
Unknown command.
The revenant lashes out with ghostly flames.
The ghostly flame explodes!
The ghostly fireball engulfs the ancient champion.
The ancient champion completely resists.
The ghostly fireball engulfs the revenant.
The revenant completely resists.
The ghostly fireball engulfs the vampire knight.
The vampire knight completely resists.
The ghostly fireball engulfs the revenant.
The revenant completely resists.
The ghostly fireball engulfs you!! You partially resist.
You feel drained.
* * * LOW HITPOINT WARNING * * *
The vampire knight hits you with a +1 great mace!!
You die...

,,,,,.,,,,,* #..# *,,,,,,
*****#.,,,,* #..# *,***** *
#..,,,* #..# *,* * * #...,,* #..#
*,* * * #....,* #W.#######,* *
**** #....Z#######zz.......,* *
,,,**#...zzzzzz.zzz.M......,* *
**,,*#..#######zV##'''##..,,* *
,,,,,,,,******#.@#.....#,,,,* *
8*,,*8,,**,,,*#..#.....#,,,,* *
**++**,,**,⌠,*#..#.....#,,,,* *
*,,,,*,,**,,,*#..#.....#,,,,* *
*,,,,*****,,,*#..#.....#,,,,*****
+,,,,+,,,,,,,*#..#.....#,,,,,,,,,
+,,,,+,,,,,,,*#.?#.<8<.#,,,,,,,,,
*,,,,****,,,,*#..#.....#,,,,,,,,,
**⌠⌠**,,,,,,,**,,#######,,,,,,,,,


You could see 2 revenants, a vampire knight (fast), an ancient champion (fast),
3 skeletal warriors and a phantasmal warrior (summoned).

Vanquished Creatures
  Sojobo (Vaults:3)
  Vv (Depths:2)
  A golden dragon (Vaults:5)
  Arachne (Spider:3)
  Zenata (Elf:3)
  2 deep elf blademasters (Elf:3)
  5 titans
  19 acid blobs
  3 sphinxes
  Agnes (Spider:3)
  The ghost of Juwufun the Severer, an adept MiBe of Trog (Spider:3)
  5 tengu reavers
  3 ancient champions
  A storm dragon (Vaults:4)
  8 rockslimes
  8 azure jellies
  A fenstrider witch (shapeshifter) (Vaults:5)
  2 revenants (Crypt:1)
  Donald (Spider:1)
  5 frost giants
  3 ghost moths (Spider:4)
  15 vault wardens
  9 deep elf sorcerers
  An iron dragon (Vaults:5)
  3 deep elf elementalists (Elf:3)
  2 emperor scorpions
  A fire giant (Vaults:4)
  A spectral juggernaut (Crypt:3)
  Louise (Spider:3)
  11 quicksilver oozes
  An orc warlord (Vaults:4)
  A curse skull (Crypt:1)
  19 ironbound preservers
  4 vampire knights
  2 war gargoyles (Vaults:5)
  16 very ugly things
  2 caustic shrike skeletons
  6 broodmothers
  The ghost of Turbonekonecno the Unseen, an adept SpEn of Makhleb (Shoals:4)
  9 stone giants
  Azrael (Spider:1)
  5 ironbound thunderhulks
  5 deep elf demonologists
  6 deep elf annihilators
  A spark wasp (Depths:2)
  4 dire elephants
  5 eidola
  9 ettins
  A merfolk javelineer (Shoals:4)
  A jiangshi (Crypt:2)
  4 deep elf death magi
  3 fire dragons
  6 entropy weavers
  11 great orbs of eyes
  3 deep elf high priests
  Erolcha (D:9)
  6 merfolk impalers
  Josephine (Spider:1)
  10 yaktaur captains
  A spectral fenstrider witch (Crypt:3)
  4 spriggan zombies
  3 rakshasas
  2 hydras (Lair:5)
  A caustic shrike simulacrum (Crypt:2)
  36 vault guards
  A juggernaut simulacrum (Crypt:1)
  A peacekeeper (Vaults:3)
  6 ice dragons
  A spriggan air mage (Depths:2)
  A spriggan skeleton (Crypt:3)
  6 boulder beetles
  An alligator snapping turtle (Shoals:4)
  4 radroaches
  A satyr (Shoals:3)
  4 ironbound frosthearts
  2 two-headed ogres
  5 merfolk avatars
  11 centaur warriors
  A merfolk aquamancer (Shoals:4)
  3 death knights
  7 dancing weapons
  A deep troll earth mage (Depths:2)
  4 death yaks (Lair:5)
  3 tengu warriors
  Urug (Lair:3)
  An orc high priest (Orc:2)
  2 spriggan berserkers
  A deep troll shaman (Depths:2)
  A spectral storm dragon (Crypt:3)
  A bennu skeleton (Crypt:3)
  2 vampire magi (Crypt:1)
  3 storm dragon zombies (Crypt:3)
  10 deep elf knights
  Sonja (Lair:3)
  5 hell knights (Depths:2)
  5 skysharks
  A titan zombie (Crypt:2)
  An iron troll (Depths:2)
  20 skeletal warriors
  11 sea snakes
  5 pharaoh ants
  2 storm dragon skeletons (Crypt:1)
  2 shadow wraiths
  35 deep trolls
  Lodul (D:11)
  A shadow dragon zombie (Crypt:2)
  9 lindwurms
  14 deep elf archers
  15 ironbound convokers
  11 wizards
  3 flayed ghosts
  9 orb spiders
  A glowing orange brain (Vaults:2)
  16 harpies
  6 phantasmal warriors
  2 wolf spider zombies (Spider:2)
  A tengu skeleton (Vaults:5)
  22 deep elf pyromancers
  2 orc knights
  17 deep elf zephyrmancers
  4 spectral wolf spiders (Spider:2)
  24 ugly things
  6 manticores
  9 fauns
  9 necromancers
  3 steelbarb worms
  A wolf spider (shapeshifter) (Vaults:5)
  4 moths of wrath
  9 shining eyes
  An orc sorcerer (Orc:1)
  14 wolf spiders
  2 cyclopes (D:13)
  A stone giant zombie (Crypt:1)
  A spectral ettin (Crypt:3)
  4 elephants (Lair:5)
  Joseph (D:9)
  2 dire elephant zombies (Crypt:3)
  2 naga zombies (Crypt:3)
  A stone giant skeleton (Crypt:2)
  4 black mambas (Lair:5)
  A merfolk siren (Shoals:2)
  2 eyes of devastation
  5 water nymphs
  An ice statue (IceCv)
  18 vault sentinels
  2 gargoyles
  6 torpor snails
  8 cane toads
  5 demonic crawlers
  Maggie (D:7)
  An orange demon (D:8)
  A titan simulacrum (Crypt:1)
  2 centaur skeletons
  A shock serpent skeleton (Crypt:2)
  An unseen horror (D:11)
  3 naga skeletons
  A komodo dragon (shapeshifter) (D:9)
  6 rime drakes
  6 freezing wraiths
  3 tengu conjurers (Depths:2)
  8 komodo dragons
  30 yaktaurs
  2 bunyip simulacra
  A sea snake skeleton (Crypt:2)
  A hydra zombie (Crypt:3)
  8 ice devils (IceCv)
  A guardian mummy (D:11)
  A redback zombie (Crypt:3)
  2 anaconda simulacra (IceCv)
  5 trolls
  8 meliai
  3 harpy zombies
  2 polar bears (Lair:4)
  6 merfolk
  4 wind drakes
  A hornet (Vaults:1)
  8 wolf spider simulacra (Spider:2)
  A raiju (shapeshifter) (Vaults:5)
  2 harpy skeletons (Crypt:3)
  A hydra skeleton (Crypt:3)
  6 snapping turtles
  30 tarantellas
  2 blink frogs (Lair:3)
  Prince Ribbit (D:7)
  A dream sheep (Shoals:1)
  An ice dragon zombie (Crypt:1)
  24 jumping spiders
  A snapping turtle (shapeshifter) (Vaults:5)
  138 slime creatures
  3 flying skulls (Crypt:1)
  An air elemental (Elf:3)
  A jumping spider (shapeshifter) (Elf:1)
  9 wyverns
  11 water elementals
  2 shadows
  9 wraiths
  A centaur simulacrum (Crypt:3)
  6 dire elephant simulacra
  17 culicivoras
  2 ettin skeletons
  26 yaks
  2 vampires (D:9)
  10 basilisks
  5 fire elementals
  11 golden eyes
  A golden eye (shapeshifter) (Elf:3)
  40 redbacks
  6 death yak simulacra (IceCv)
  A steam dragon (D:7)
  A human simulacrum (Vaults:5)
  A water nymph zombie (Crypt:2)
  An acid dragon (D:14)
  Menkaure (D:7)
  3 water moccasins
  2 hydra simulacra (IceCv)
  3 wargs
  An acid dragon (shapeshifter) (D:13)
  A floating eye (Depths:2)
  8 hell hounds
  A black bear (shapeshifter) (Depths:2)
  37 orc warriors
  A black bear (D:6)
  8 ogres
  4 boggarts
  4 wolves
  9 centaurs
  A swamp dragon skeleton (Crypt:1)
  4 bullfrogs
  A gnoll sergeant (D:6)
  4 earth elementals
  2 cane toad simulacra (IceCv)
  2 scorpions (D:7)
  A queen bee zombie (Crypt:2)
  4 elephant simulacra (IceCv)
  10 killer bees
  5 howler monkeys
  A nameless horror (Crypt:1)
  An electric eel (D:6)
  3 lava snakes (Lair:5)
  21 orc priests
  2 gnoll boudas
  5 jellies
  A sleepcap (D:6)
  12 hell rats
  28 orc wizards
  4 iguanas
  4 spriggan simulacra
  2 wolf simulacra (IceCv)
  5 polar bear simulacra (IceCv)
  A killer bee zombie (Crypt:2)
  An ogre skeleton (Crypt:1)
  A hound zombie (D:4)
  An acid dragon skeleton (Crypt:1)
  12 adders
  9 gnolls
  2 naga simulacra (IceCv)
  5 river rats
  2 shadow imps
  2 ufetubi
  3 adder zombies
  A worm (Sewer)
  10 dart slugs
  114 orcs
  7 ball pythons
  9 endoplasms
  A giant cockroach (D:1)
  8 goblins
  4 hobgoblins (D:4)
  7 jackals
  11 kobolds
  5 quokkas
  4 bats
  2 frilled lizards (D:2)
  11 rats
1692 creatures vanquished.

Vanquished Creatures (collateral kills)
  the Royal Jelly (Slime:5)
  Bai Suzhen (Shoals:4)
  The ghost of VerbalBBQ the Impaler, an adept FoFi of Okawaru (Spider:4)
  A kraken (Shoals:4)
  A deep elf master archer (Elf:3)
  Frances (Shoals:2)
  5 acid blobs
  A sphinx (Vaults:4)
  A shadow dragon (Vaults:5)
  An emperor scorpion (Spider:4)
  A rockslime (Slime:5)
  2 frost giants
  2 azure jellies (Slime:5)
  2 deep elf sorcerers (Elf:3)
  An orc warlord (Orc:2)
  A caustic shrike zombie (Crypt:1)
  A vampire knight (Crypt:1)
  5 very ugly things
  A war gargoyle (D:14)
  A broodmother (Spider:4)
  3 deep elf annihilators (Elf:3)
  A deep elf death mage (Elf:3)
  2 great orbs of eyes (Slime:5)
  An entropy weaver (Spider:3)
  3 deep elf high priests (Elf:3)
  4 hydras
  2 vault guards (D:14)
  2 merfolk avatars
  2 boulder beetles
  A catoblepas (Lair:5)
  A merfolk aquamancer (Shoals:4)
  A death yak (Lair:5)
  2 two-headed ogres
  A jorogumo (Spider:4)
  3 centaur warriors
  A tengu warrior (Depths:1)
  Amaemon (D:8)
  A deep elf knight (Elf:1)
  A sea snake (Shoals:4)
  A glowing orange brain (Slime:5)
  3 skeletal warriors
  An orb spider (Spider:4)
  A deep troll (D:15)
  A deep elf archer (Elf:3)
  A deep elf pyromancer (Elf:1)
  6 harpies
  An orc knight (D:15)
  2 ugly things
  2 deep elf zephyrmancers (Elf:3)
  5 wolf spiders
  5 manticores
  2 oklob plants (Lair:2)
  2 cyclopes
  7 fauns
  A moth of wrath (Spider:4)
  4 merfolk sirens (Shoals:4)
  A black mamba (Lair:4)
  9 slime creatures
  An eye of devastation (Slime:5)
  2 molten gargoyles (Lair:5)
  A demonic crawler (Spider:4)
  A torpor snail (Lair:5)
  6 komodo dragons
  8 cane toads
  6 yaktaurs
  3 kobold demonologists (D:9)
  4 rime drakes
  A freezing wraith (D:9)
  A troll (D:9)
  A meliai (D:10)
  4 wind drakes
  2 hornets
  5 merfolk
  3 snapping turtles
  A polar bear (Lair:2)
  6 blink frogs
  4 tarantellas
  A fire dragon zombie (Crypt:1)
  A dream sheep (Shoals:1)
  3 jumping spiders
  A flying skull (Crypt:1)
  A shadow (D:12)
  17 yaks
  2 wyverns (Lair:3)
  4 culicivoras
  8 water elementals
  2 steam dragons
  4 redbacks
  2 basilisks
  Grum (D:9)
  A redback (shapeshifter) (D:9)
  8 water moccasins
  2 acid dragons
  A hydra simulacrum (IceCv)
  A hell hound (Lair:5)
  10 orc warriors
  2 boggarts (Vaults:4)
  7 centaurs
  9 wolves
  An ogre (D:15)
  2 kobold brigands (D:10)
  8 bullfrogs
  A two-headed ogre simulacrum (IceCv)
  A gnoll sergeant (D:9)
  A wight (D:9)
  5 killer bees
  7 howler monkeys
  2 lava snakes (Lair:5)
  6 orc priests
  A sleepcap (D:8)
  2 orc wizards
  5 hell rats
  A wolf simulacrum (IceCv)
  8 gnolls (D:8)
  A naga simulacrum (IceCv)
  12 orcs
  A kobold (D:10)
332 creatures vanquished.

Vanquished Creatures (others)
  Nikola (Shoals:2)
  A deep elf knight (Elf:2)
  A skeletal warrior (Crypt:1)
  A wolf spider zombie (Spider:2)
  A vault sentinel (Vaults:5)
  A centaur (D:9)
  2 orc wizards (Orc:2)
  An orc (Orc:1)
  4 tentacles (Shoals:4)
13 creatures vanquished.

Grand Total: 2037 creatures vanquished

Notes
Turn   | Place    | Note
-------+----------+-------------------------------------------
     0 | D:1      | Gabide the Demigod Ice Elementalist began the quest for the
                  | Orb.
     0 | D:1      | Reached XP level 1. HP: 14/14 MP: 5/5
    29 | D:1      | Found Raletet's Weapon Shoppe.
   406 | D:1      | Reached XP level 2. HP: 20/20 MP: 7/7
  1230 | D:2      | Reached skill level 4 in Ice Magic
  1230 | D:2      | Reached XP level 3. HP: 23/27 MP: 5/8
  2142 | D:3      | Reached XP level 4. HP: 25/34 MP: 5/9
  2259 | D:3      | Reached skill level 1 in Fighting
  2940 | D:4      | Reached XP level 5. HP: 40/40 MP: 4/11
  3271 | D:4      | Found a runed translucent gate.
  3271 | D:4      | Found a runed translucent gate.
  3271 | D:4      | Found a runed translucent gate.
  3271 | D:4      | Noticed Almogavar's ghost (novice GnWn)
  3351 | D:4      | Reached skill level 5 in Ice Magic
  3568 | D:4      | Reached XP level 6. HP: 44/48 MP: 9/13
  4148 | D:5      | Entered Level 5 of the Dungeon
  4244 | D:5      | Found Gewneor's Magic Scroll Boutique.
  4386 | D:5      | Learned a level 3 spell: Frozen Ramparts
  4390 | D:5      | Learned a level 3 spell: Ozocubu's Armour
  4394 | D:5      | Bought a scroll of noise for 12 gold pieces
  4394 | D:5      | Bought a scroll of magic mapping for 90 gold pieces
  4394 | D:5      | Bought a scroll of fear for 48 gold pieces
  4649 | D:5      | Noticed a yak
  4650 | D:5      | Noticed a yak
  4651 | D:5      | Noticed a yak
  4652 | D:5      | Noticed a yak
  4654 | D:5      | Noticed a yak
  4655 | D:5      | Killed a yak
  4656 | D:5      | Reached XP level 7. HP: 56/56 MP: 5/15
  4659 | D:5      | Killed a yak
  4660 | D:5      | Reached skill level 6 in Ice Magic
  4662 | D:5      | Killed a yak
  4662 | D:5      | Killed a yak
  4672 | D:5      | Killed a yak
  4673 | D:5      | Reached XP level 8. HP: 66/66 MP: 1/17
  4865 | D:5      | Found a staircase to the Ecumenical Temple.
  4872 | Temple   | Entered the Ecumenical Temple
  4937 | D:5      | Learned a level 3 spell: Hailstorm
  5624 | D:6      | Found a glowing drain.
  5646 | Sewer    | Entered a sewer
  6021 | Sewer    | Reached skill level 7 in Ice Magic
  7059 | D:6      | Identified the +0 pair of gloves of Zyidd {rC+ Regen+}
  7283 | D:7      | Noticed Prince Ribbit
  7283 | D:7      | Found a flagged portal.
  7289 | D:7      | Killed Prince Ribbit
  7420 | Bailey   | Entered a bailey
  7438 | Bailey   | Reached skill level 5 in Dodging
  7721 | Bailey   | Reached skill level 8 in Ice Magic
  7721 | Bailey   | Reached XP level 9. HP: 56/72 MP: 0/19
  8041 | Bailey   | Reached skill level 5 in Fighting
  8041 | Bailey   | Reached skill level 5 in Spellcasting
  8263 | D:7      | Learned a level 2 spell: Ensorcelled Hibernation
  8274 | D:7      | Noticed Menkaure
  8279 | D:7      | Killed Menkaure
  8478 | D:7      | Noticed Maggie
  8490 | D:7      | Killed Maggie
  8716 | D:7      | Reached skill level 9 in Ice Magic
  9447 | D:7      | Learned a level 4 spell: Summon Ice Beast
  9491 | D:8      | Noticed Amaemon
  9546 | D:8      | Noticed an orange demon
  9552 | D:8      | Killed an orange demon
  9553 | D:8      | Reached XP level 10. HP: 47/83 MP: 12/22
  9553 | D:8      | Killed Amaemon
  9554 | D:8      | Reached skill level 10 in Ice Magic
  9629 | D:8      | Paralysed by a hornet for 1 turns
  9737 | D:8      | Reached skill level 11 in Ice Magic
  9737 | D:8      | Reached XP level 11. HP: 92/92 MP: 22/25
  9738 | D:8      | Reached skill level 13 in Ice Magic
  9738 | D:8      | Reached XP level 12. HP: 100/100 MP: 23/27
 10797 | D:9      | Noticed a six-headed hydra
 10824 | D:9      | Killed a six-headed hydra
 10984 | D:9      | Noticed a centaur warrior
 11020 | D:9      | Reached skill level 14 in Ice Magic
 11063 | D:9      | Killed a centaur warrior
 11218 | D:9      | Identified the +6 war axe "Faugaovo" {freeze, Fly rCorr
                  | Str+3 Int-2}
 11426 | D:9      | Noticed a centaur warrior
 11432 | D:9      | Killed a centaur warrior
 11505 | D:9      | Noticed a centaur warrior
 11523 | D:9      | Killed a centaur warrior
 11894 | D:9      | Noticed Grum
 11920 | D:9      | Killed Grum
 11953 | D:9      | Reached XP level 13. HP: 108/108 MP: 25/29
 12271 | D:9      | Noticed Erolcha
 12288 | D:9      | Killed Erolcha
 12677 | D:9      | Noticed Joseph
 12686 | D:9      | Killed Joseph
 12950 | D:10     | Entered Level 10 of the Dungeon
 13364 | D:10     | Reached skill level 15 in Ice Magic
 13863 | D:10     | Found a staircase to the Lair.
 14245 | D:10     | Learned a level 5 spell: Freezing Cloud
 14295 | Lair:1   | Entered Level 1 of the Lair of Beasts
 14851 | Lair:1   | Found a frozen archway.
 14858 | IceCv    | Entered an ice cave
 15121 | IceCv    | Reached skill level 16 in Ice Magic
 16271 | IceCv    | Found the +4 skin of Zhor {*Englaciate rC+++ SInv}
 18851 | Lair:1   | Reached skill level 17 in Ice Magic
 19375 | Lair:2   | Reached XP level 14. HP: 106/118 MP: 17/31
 19566 | Lair:2   | Found a staircase to the Shoals.
 19646 | Lair:2   | Found a hole to the Spider Nest.
 21269 | Lair:3   | Reached skill level 18 in Ice Magic
 21315 | Lair:3   | Noticed Sonja
 21315 | Lair:3   | Noticed Urug
 21344 | Lair:3   | Killed Sonja
 21474 | Lair:3   | Killed Urug
 23348 | Lair:5   | Entered Level 5 of the Lair of Beasts
 23820 | Lair:5   | Identified the +1 pair of gloves of Ennui {Dex+3}
 24989 | Lair:5   | Found a large runed translucent door.
 24990 | Lair:5   | Found a large runed translucent door.
 25270 | Lair:5   | Found a runed translucent door.
 26105 | Lair:5   | Found a staircase to the Slime Pits.
 26801 | D:11     | Noticed Lodul
 26805 | D:11     | Reached XP level 15. HP: 126/126 MP: 19/33
 26812 | D:11     | Killed Lodul
 26952 | D:11     | You fall into a shaft and drop 3 floors!
 27205 | D:12     | Reached skill level 10 in Dodging
 27361 | D:12     | Reached skill level 10 in Fighting
 28134 | D:12     | Found a staircase to the Orcish Mines.
 29115 | D:11     | Found a portal to a secret trove of treasure.
 29496 | D:13     | Reached skill level 19 in Ice Magic
 29719 | D:13     | Reached skill level 10 in Spellcasting
 30490 | D:14     | Found a gate to the Vaults.
 30796 | D:14     | Identified the +2 pair of boots "Coyll" {rElec Will+}
 31015 | D:14     | Noticed Roxanne
 31068 | D:15     | Entered Level 15 of the Dungeon
 31521 | D:15     | Found Vorya's Pet Rocks.
 33030 | D:15     | Found a staircase to the Depths.
 33152 | Orc:1    | Entered Level 1 of the Orcish Mines
 33169 | Orc:1    | Found Laryok's Weapon Emporium.
 33418 | Orc:2    | Entered Level 2 of the Orcish Mines
 33665 | Orc:2    | Found Zumi's Antique Weapon Emporium.
 33865 | Orc:2    | Found a staircase to the Elven Halls.
 34044 | Orc:2    | Found Xyhiops's Antique Armour Shop.
 34046 | Orc:2    | Found Arudghato's Antique Weapon Boutique.
 34327 | Orc:2    | Found Fiysig's Antique Armour Shoppe.
 35127 | Shoals:1 | Entered Level 1 of the Shoals
 35598 | Shoals:1 | Reached XP level 16. HP: 137/137 MP: 12/35
 35955 | Shoals:1 | Reached skill level 20 in Ice Magic
 37340 | Shoals:2 | Identified the +5 scale mail of the Tormentor {rElec rPois
                  | Int-3 Stlth+}
 37413 | Shoals:2 | Noticed Frances
 37427 | Shoals:2 | Killed Frances
 37552 | Shoals:2 | Noticed Nikola
 37562 | Shoals:2 | Killed Nikola
 38326 | Shoals:3 | Found Umoep's Armour Shop.
 38562 | Shoals:3 | Bought a +2 helmet of intelligence for 387 gold pieces
 39402 | Shoals:4 | Entered Level 4 of the Shoals
 39588 | Shoals:4 | Identified the +2 hand axe of Proximity {venom, Int+5}
 39701 | Shoals:4 | Got the Octavo of the Grim Xenotype
 39723 | Shoals:4 | Noticed Bai Suzhen
 39746 | Shoals:4 | Noticed a kraken
 39753 | Shoals:4 | Killed Bai Suzhen
 39758 | Shoals:4 | Killed a kraken
 39929 | Shoals:4 | Identified the +1 rapier "Affolovi" {flame, rElec Int+3
                  | Dex+4}
 41039 | Shoals:4 | Found a runed translucent door.
 41040 | Shoals:4 | Noticed Turbonekonecno's ghost (adept SpEn)
 41053 | Shoals:4 | Killed Turbonekonecno's ghost
 41303 | Shoals:4 | Reached skill level 21 in Ice Magic
 41546 | Shoals:4 | Got a barnacled rune of Zot
 41922 | Spider:1 | Entered Level 1 of the Spider Nest
 42037 | Spider:1 | Noticed Azrael
 42046 | Spider:1 | Killed Azrael
 42047 | Spider:1 | Reached XP level 17. HP: 82/146 MP: 5/38
 42269 | Spider:1 | Noticed Josephine
 42280 | Spider:1 | Killed Josephine
 42607 | Spider:1 | Identified the +6 tower shield of Entitlement {rF- rC+
                  | Regen+}
 43178 | Spider:1 | Noticed Donald
 43185 | Spider:1 | Killed Donald
 44559 | Spider:2 | Reached skill level 22 in Ice Magic
 44774 | Spider:2 | Identified the +9 broad axe of Nol Tiud {speed, rElec rF++}
 45335 | Spider:3 | Noticed Agnes
 45348 | Spider:3 | Killed Agnes
 46694 | Spider:3 | Noticed Louise
 46713 | Spider:3 | Killed Louise
 46973 | Spider:3 | Found a runed translucent door.
 47024 | Spider:3 | Noticed Juwufun's ghost (adept MiBe)
 47251 | Spider:3 | Identified the +3 halberd of the Jester {heavy, rPois
                  | Str+5}
 47834 | Spider:3 | Noticed Arachne
 47886 | Spider:3 | Killed Arachne
 48139 | Spider:3 | Killed Juwufun's ghost
 48140 | Spider:3 | Reached skill level 23 in Ice Magic
 48255 | Spider:4 | Entered Level 4 of the Spider Nest
 49595 | Spider:4 | Found a large runed translucent door.
 49596 | Spider:4 | Found a large runed translucent door.
 49599 | Spider:4 | Noticed VerbalBBQ's ghost (adept FoFi)
 49932 | Spider:4 | Killed VerbalBBQ's ghost
 50035 | Spider:4 | Identified the staff of fire "Dimmirun" {rPois rF+ Str+3}
 50642 | Spider:4 | Reached XP level 18. HP: 133/154 MP: 18/39
 51022 | Spider:4 | Got a gossamer rune of Zot
 51411 | Spider:4 | Reached skill level 24 in Ice Magic
 52024 | Depths:1 | Entered Level 1 of the Depths
 52161 | Depths:1 | Found a gateway to Hell.
 53373 | Depths:2 | Found a one-way gateway to a ziggurat.
 53381 | Depths:2 | Paralysed by a floating eye for 2 turns
 53483 | Depths:2 | Found a one-way gate leading to the halls of Pandemonium.
 53525 | Depths:2 | Found a one-way gate to the infinite horrors of the Abyss.
 53855 | Depths:2 | Noticed raetorn's ghost (adept MfTm)
 53856 | Depths:2 | Noticed Vv
 53858 | Depths:2 | Noticed a caustic shrike
 54189 | Vaults:1 | Entered Level 1 of the Vaults
 56971 | Vaults:2 | Found Piov's Distillery.
 57741 | Vaults:2 | Reached XP level 19. HP: 156/165 MP: 34/41
 57876 | Vaults:3 | Found a staircase to the Crypt.
 58143 | Vaults:3 | Identified the ring "Jifet" {rPois rN+ Int+4}
 58503 | Vaults:3 | Noticed Sojobo
 58520 | Vaults:3 | Killed Sojobo
 60216 | Vaults:4 | Identified the +4 ring mail of Hepliaklqana's Delight {rC++
                  | Regen+ Str-3 Int-5}
 60738 | Vaults:4 | HP: 3/168 [cyan very ugly thing (20)]
 61957 | Vaults:4 | Learned a level 3 spell: Swiftness
 61960 | Vaults:4 | Learned a level 2 spell: Sublimation of Blood
 61965 | Vaults:4 | Learned a level 4 spell: Sticky Flame
 61970 | Vaults:4 | Learned a level 4 spell: Leda's Liquefaction
 61975 | Vaults:4 | Learned a level 4 spell: Iskenderun's Mystic Blast
 62346 | Elf:1    | Entered Level 1 of the Elven Halls
 62356 | Elf:1    | Reached skill level 15 in Fighting
 62356 | Elf:1    | Reached skill level 15 in Dodging
 63528 | Elf:1    | Reached XP level 20. HP: 178/178 MP: 23/44
 63618 | Elf:1    | Reached skill level 15 in Spellcasting
 63738 | Elf:1    | Learned a level 4 spell: Summon Lightning Spire
 65325 | Elf:3    | Entered Level 3 of the Elven Halls
 65512 | Elf:3    | Noticed Zenata
 65529 | Elf:3    | Killed Zenata
 65765 | Elf:3    | Found a flickering gateway to a bazaar.
 65771 | Bazaar   | Entered a bazaar
 65820 | Bazaar   | Found Naisanot's Assorted Antiques.
 65859 | Bazaar   | Found Awnupruo's Assorted Antiques.
 65870 | Bazaar   | Found Xeatwerr's Assorted Antiques.
 65912 | Bazaar   | Bought a steaming robe for 125 gold pieces
 65912 | Bazaar   | Identified the +0 robe of Somewhere Else {Dex+7} (You
                  | bought it in a shop in a bazaar)
 65912 | Bazaar   | Bought a scroll of teleportation for 66 gold pieces
 65947 | Bazaar   | Bought 2 potions of curing for 114 gold pieces
 65947 | Bazaar   | Bought a potion of invisibility for 152 gold pieces
 65947 | Bazaar   | Bought a potion of heal wounds for 95 gold pieces
 66658 | Elf:3    | Identified the ring of Panymupt {rPois Will+ MP+9 Int+3}
 67336 | Elf:3    | Paralysed by an air elemental for 1 turns
 67338 | Elf:3    | Paralysed by an air elemental for 1 turns
 67342 | Elf:3    | Paralysed by an air elemental for 1 turns
 67810 | Elf:3    | Identified the +2 flail "Kiamutehi" {flame, *Noise rC+
                  | Str+2 Dex+2}
 68296 | Elf:3    | Identified the +7 long sword of the Wraith {freeze, rC++}
 68296 | Elf:3    | Identified the ring of Bazybyvi {Fire rPois Will+}
 68316 | Elf:3    | Identified the ring "Bosotem" {rPois rC- rCorr Dex+6}
 68632 | Elf:3    | Identified the staff of cold "Poteem" {Fragile Fly rC+
                  | Int+8 Stlth+}
 68635 | Elf:3    | Identified the +1 spear of the Silent Majority {freeze,
                  | Int+3}
 68646 | Elf:3    | Got the Handbook of Cursed Breath
 68647 | Elf:3    | Identified the staff of earth "Dusocvo" {rElec rF+++ Str-2
                  | Int-2}
 68753 | Elf:3    | Learned a level 5 spell: Metabolic Englaciation
 69048 | Crypt:1  | Entered Level 1 of the Crypt
 69296 | Crypt:1  | Identified a scroll of acquirement
 69981 | Crypt:1  | Acquired a There-And-Back Book
 70614 | Crypt:1  | Identified the +0 ring mail of the Elven Halls {rF+}
 72138 | Slime:1  | Entered Level 1 of the Pits of Slime
 74634 | Slime:1  | Reached XP level 21. HP: 184/189 MP: 35/47
 77224 | Slime:5  | Entered Level 5 of the Pits of Slime
 77700 | Slime:5  | Gained mutation: You are partially covered in iridescent
                  | scales. (AC +2) [a shining eye]
 77703 | Slime:5  | Gained mutation: You are weak. (Str -2) [a shining eye]
 78260 | Slime:5  | Noticed the Royal Jelly
 79208 | Slime:5  | Killed the Royal Jelly
 79242 | Slime:5  | Found the +2 Maxwell's thermic engine {flame, freeze, rev}
 79251 | Slime:5  | Identified the ring "Paykh" {rElec rN+ Will+}
 79256 | Slime:5  | Got a slimy rune of Zot
 79257 | Slime:5  | Identified the +4 great sword of the Gloaming {venom, *Slow
                  | MP+9 Int-2 Stlth+}
 79378 | Slime:5  | Identified the +5 chain mail of Slovenliness {rC+}
 79379 | Slime:5  | Identified the +1 leather armour of Too Many Cooks {rF++
                  | Regen+ MP+9 Str-3}
 79438 | Slime:5  | Identified the +4 dagger of the Jumping Gods {flame, Str+3}
 80344 | Vaults:5 | Entered Level 5 of the Vaults
 81550 | Vaults:5 | Identified the +4 rapier of the Unstoppable Orbs {speed,
                  | rN+ Int+4}
 82286 | Vaults:5 | Noticed a golden dragon
 82299 | Vaults:5 | Killed a golden dragon
 82795 | Vaults:5 | Identified the +9 war axe of Jetounn {drain, Fragile Will+
                  | Dex+2 Stlth+}
 82902 | Vaults:5 | Identified the +8 scimitar "Atatwesm" {speed, rF+}
 82905 | Vaults:5 | Identified the ring of the Cockatrice {*Slow rC++ rN+}
 82908 | Vaults:5 | Identified the staff of fire "Nitux" {rF+ rN+ Will+ Int+2}
 82910 | Vaults:5 | Identified the +2 helmet "Wiesk" {Int+2}
 83152 | Vaults:5 | Identified the +1 hat "Rir Mez" {rC- rN+ Dex+3}
 83160 | Vaults:5 | Got the Anthology of Frostbound Blight
 83169 | Vaults:5 | Learned a level 7 spell: Ozocubu's Refrigeration
 83261 | Vaults:5 | Reached XP level 22. HP: 200/201 MP: 43/49
 83296 | Vaults:5 | Identified the +3 morningstar "Ynynunih" {pain, Fly rC++
                  | rN+ SInv}
 83296 | Vaults:5 | Identified the ring "Totwooth" {rElec rN+ rCorr Dex+2}
 83329 | Vaults:5 | Identified the +7 glaive "Veemozer" {freeze, Contam rF+
                  | Dex+3 Stlth+}
 83329 | Vaults:5 | Identified the +4 ring mail of Abstinence {+Inv rPois rCorr
                  | Str+2}
 83329 | Vaults:5 | Identified the amulet "Buotsa" {Faith Regen+ rCorr Dex-2}
 83632 | Vaults:5 | Identified the staff of earth "Nuuc Lueblo" {Fly}
 83779 | Vaults:5 | Found Deorudawn's Magic Scroll Boutique.
 83910 | Vaults:5 | Bought a scroll of acquirement for 1144 gold pieces
 83910 | Vaults:5 | Acquired the Tome of Obstruction and Conflict
 83915 | Vaults:5 | Got a silver rune of Zot
 83919 | Vaults:5 | Bought a scroll of teleportation for 66 gold pieces
 83919 | Vaults:5 | Bought a scroll of teleportation for 66 gold pieces
 83919 | Vaults:5 | Bought 2 scrolls of fog for 176 gold pieces
 85174 | Depths:2 | Killed Vv
 85341 | Depths:2 | Noticed a caustic shrike
 85561 | Depths:2 | Found a transporter.
 85588 | Depths:2 | Found a transporter.
 86906 | Depths:2 | Acquired a book of Ice
 87512 | Vaults:5 | Learned a level 9 spell: Polar Vortex
 89037 | Crypt:3  | Entered Level 3 of the Crypt
 89044 | Crypt:3  | Reached skill level 25 in Ice Magic
 89265 | Crypt:3  | HP: 8/196 [revenant/ghostly fireball (18)]
 89265 | Crypt:3  | Demolished by a vampire knight

Illustrated notes

Levels and vault maps discovered:
D:1:      minmay_arrival_doors, layout_basic, serial_shops,
          nicolae_shop_bloodbath_and_beyond
D:2:      layout_loops_ring
D:3:      layout_basic, nicolae_tso_swordbearing_angel,
          mainiacjoe_overflow_six_doors_small
D:4:      layout_loops_corners, nicolae_yredelemnul_ghost_church,
          worldfamousw_hep_ancestral_shrine, minitemple
D:5:      layout_basic, minmay_temple_entry_offerings, serial_shops, shop
D:6:      kennysheep_slugbush, layout_basic, mainiacjoe_overflow_paths,
          old_standard_altar, portal_sewer_entry_b, serial_bayou_pond_a
D:7:      layout_loops_corners, enter_bailey_5, kennysheep_generic_room_6,
          uniq_prince_ribbit1, uniq_menkaure, uniq_maggie
D:8:      layout_cave_pools, nemelex_spade_bored_becter,
          mainiacjoe_overflow_catch_the_wave, uniq_amaemon
D:9:      layout_loops_corners, nrook_campfire, nicolae_rejected_hall,
          uniq_grum, uniq_joseph, uniq_erolcha
D:10:     layout_irregular_city, mainiacjoe_overflow_boulevard, lair_entry_dummy
D:11:     layout_loops_corners, nicolae_trove_entry_path_of_doom, uniq_lodul
D:12:     layout_basic, david_orc_4
D:13:     layout_grid_maze
D:14:     layout_rooms, erik_vaults_2, grunt_qazlal_clouds, uniq_roxanne
D:15:     hangedman_depths_entry_civil_slaughter, layout_basic,
          minmay_misc_feat_ornament, guppyfry_shop_earth
Temple:   eino_wide_crystal_templ
Lair:1:   layout_regular_city, portal_ice_cave_rime, grunt_megastairs_2,
          infiniplex_staircase_pool_2
Lair:2:   layout_gridlike, elwin_shoals_entry_rocks,
          nicolae_spider_entry_lesser_pyramids
Lair:3:   layout_small_grid, special_room [special_room_mythical_zoo],
          gauntlet_entry_generic, uniq_sonja, uniq_urug
Lair:4:   layout_regular_city, cheibrodos_lair_lostbears, grunt_megastairs_1
Lair:5:   cheibrodos_lair_end_hotspot, layout_hall_layers, slime_entry_2,
          minivault_23
Shoals:1: layout_shoals, centaur_isle
Shoals:2: layout_shoals, uniq_frances, uniq_nikola
Shoals:3: layout_shoals, serial_shops, nicolae_shop_advertising_works
          [nicolae_subvault_shop_adworks]
Shoals:4: shoals_end_grunt_ice, layout_shoals, ebering_ghost_inner_flame,
          uniq_bai_suzhen
Spider:1: layout_cave_pods, uniq_josephine, uniq_azrael, uniq_donald
Spider:2: layout_spider_delve, nicolae_spider_undead_wolf_pack
Spider:3: layout_chambers, ebering_ghost_reflecting_pool,
          nicolae_spider_webs_and_nodes, drop_trap, uniq_arachne, uniq_agnes,
          uniq_louise
Spider:4: hellmonk_spider_rune_endless_swarm, ebering_ghost_disaster_area
Slime:1:  layout_caves, cheibrodos_slime_lost_civilization_4
Slime:2:  layout_caves
Slime:3:  layout_caves
Slime:4:  layout_caves, basic_altar
Slime:5
Orc:1:    layout_caves, serial_shops, shop, hellmonk_bongcloud_opening
Orc:2:    grunt_orc_community_town_hall, layout_caves,
          grunt_orc_community_big_house_2, grunt_orc_community_big_house_1,
          grunt_orc_community_house_3, grunt_orc_community_house_1,
          grunt_orc_community_house_3, grunt_orc_community_house_3,
          grunt_orc_community_house_2, grunt_orc_community_house_2
Elf:1:    minmay_elf_arrival_plus, layout_loops_corners,
          kennysheep_underground_church, wad_floor_pattern_1
Elf:2:    nicolae_elf_blades_splatter_lattice [nicolae_blade_little_rooms],
          layout_gridlike, nicolae_elf_stair_hall, hangedman_elf_power_crystal
Elf:3:    minmay_elf_hall_dome, layout_loops_corners, serial_shops,
          bzr_entry_safe, nicolae_elf_w_pinch, amcnicky_mini_pool_small,
          uniq_zenata
Vaults:1: nicolae_vaults_closet_pinwheel_5, nicolae_vaults_storage_room_water,
          nicolae_vaults_sightless_eye, nicolae_vaults_crenellated_ambush,
          hangedman_vaults_nails, vaults_dpeg_emergency_exit,
          layout_vaults_omnigrid
Vaults:2: hangedman_vaults_restitches, vaults_room_pool,
          nicolae_vaults_lightning_bolt, nicolae_vaults_alarming,
          ontoclasm_vaults_fault, grunt_vaults_diagonal,
          nicolae_vaults_hallways_thing, nicolae_vaults_wine_cellar,
          ontoclasm_vaults_chip, nicolae_vaults_storage_closets_2,
          hangedman_vaults_snaps, layout_vaults_ring, serial_shops, shop
Vaults:3: nicolae_vaults_little_squares_3, hangedman_vaults_cutoff, v_misc_19,
          nicolae_vaults_cochlea, nicolae_vaults_tangram_1,
          nicolae_vaults_big_ls, nicolae_vaults_six-pack,
          nicolae_vaults_door_testing_chamber, v_misc_18,
          nicolae_vaults_trapezoid_lopsided_4, nicolae_vaults_network_periphery,
          layout_vaults_big_room, dummy_crypt_entry, uniq_sojobo
Vaults:4: ontoclasm_vaults_misaligned, hangedman_vaults_corner,
          nicolae_vaults_turnstiles, v_pattern_5, nicolae_vaults_swerve,
          dpeg_vaults_monster_row, nicolae_vaults_border_crossing,
          hangedman_vaults_stagger, grunt_vaults_hallway_short,
          grunt_vaults_focal, layout_vaults_omnibox
Vaults:5
Crypt:1:  layout_gridlike, grunt_crypt_arrival_split
Crypt:2:  layout_misc_corridors
Crypt:3:  lightli_unholy_cathedral, layout_chaotic_city, mu_enter_wizlab_1,
          nicolae_crypt_knee_deep_in_the_dead
Depths:1: layout_cave_pools, minmay_crystal_water, hell_entry,
          pdpol_wu_jian_five_deadly_venoms, serial_bayou_shore_a
Depths:2: minmay_imperfect_grid, layout_gridlike, enter_ziggurat_d,
          nrook_pool_corridor, pan_entry, gammafunk_ghost_berserking_beasts,
          pf_coc_iceberg, nicolae_abyss_entry_one_way_or_another, uniq_vv,
          uniq_josephina

Skill      XL: |  1  2  3  4  5  6  7  8  9 10 11 12 13 14 15 16 17 18 19 20 21 22 |
---------------+-------------------------------------------------------------------+-----
Stealth        | 2 3 |  3.0
Spellcasting   | 2 3 4 6 7 8 9 10 12 13 14 16 17 18 | 18.0
Dodging        | 2 3 4 5 6 7 8 9 11 12 13 15 16 17 18 | 18.0
Ice Magic      | 4 5 6 8 9 11 13 14 17 18 19 21 23 24 25 | 25.1
Fighting       | 1 2 3 4 6 7 8 9 11 12 13 15 16 17 18 | 18.0

Action                     |  1- 3 |  4- 6 |  7- 9 | 10-12 | 13-15 | 16-18 | 19-21 | 22-24 || total
---------------------------+-------+-------+-------+-------+-------+-------+-------+-------++-------
  Melee: Spear             |    19 |    43 |    43 |       |    60 |       |       |       ||   165
         Unarmed           |     2 |       |       |       |       |       |       |       ||     2
         Short sword       |       |     1 |    47 |       |       |       |       |       ||    48
         Broad axe         |       |       |       |     7 |    50 |    56 |    27 |       ||   140
         Staff             |       |       |       |     4 |   729 |   394 |   518 |   192 ||  1837
         Punch             |       |       |       |       |    14 |     4 |       |       ||    18
  Throw: Dart              |     3 |       |    11 |       |     1 |     3 |     3 |       ||    21
   Cast: Freeze            |    58 |    96 |    23 |     7 |       |     1 |       |       ||   185
         Ozocubu's Armour  |       |     1 |    13 |     2 |    35 |    39 |    36 |     4 ||   130
         Frozen Ramparts   |       |       |    17 |     4 |    32 |    22 |    27 |       ||   102
         Hailstorm         |       |       |    91 |    39 |   207 |   241 |   430 |     3 ||  1011
         Summon Ice Beast  |       |       |     3 |    41 |   233 |   194 |    39 |       ||   510
         Ensorcelled Hiber |       |       |     1 |     5 |    10 |    20 |    12 |       ||    48
         Freezing Cloud    |       |       |       |       |   142 |   346 |   273 |     3 ||   764
         Iskenderun's Myst |       |       |       |       |       |       |   235 |    26 ||   261
         Leda's Liquefacti |       |       |       |       |       |       |     3 |       ||     3
         Summon Lightning  |       |       |       |       |       |       |    75 |     3 ||    78
         Sticky Flame      |       |       |       |       |       |       |     4 |       ||     4
         Metabolic Englaci |       |       |       |       |       |       |    11 |       ||    11
         Swiftness         |       |       |       |       |       |       |     1 |       ||     1
         Ozocubu's Refrige |       |       |       |       |       |       |     5 |   136 ||   141
         Polar Vortex      |       |       |       |       |       |       |       |    27 ||    27
  Evoke: Wand              |     1 |     3 |     8 |     5 |    16 |     1 |     2 |     3 ||    39
         Phantom mirror    |       |       |       |       |       |     2 |     1 |     1 ||     4
         Condenser vane    |       |       |       |       |       |     1 |     1 |       ||     2
         Lightning rod     |       |       |       |       |       |       |     4 |     2 ||     6
    Use: Scroll            |     5 |    13 |     6 |     3 |    12 |    13 |    14 |     7 ||    73
         Potion            |       |       |     1 |     5 |     7 |    16 |    16 |     7 ||    52
   Stab: Sleeping          |     5 |     3 |     1 |       |     2 |     1 |     3 |       ||    15
         Distracted        |     1 |     1 |       |       |     7 |     2 |     1 |     1 ||    13
         Paralysed         |       |       |       |       |     5 |     4 |       |       ||     9
         Invisible         |       |       |       |       |     1 |       |     2 |       ||     3
 Armour: Robe              |     6 |    18 |    41 |    27 |    60 |       |       |       ||   152
         Animal skin       |       |       |       |       |   341 |   383 |   433 |   152 ||  1309
         Steam dragon scal |       |       |       |       |    32 |       |       |       ||    32
  Dodge: Dodged            |    30 |    63 |    92 |    53 |   687 |   597 |   761 |   336 ||  2619
  Block: Other             |       |       |    31 |    14 |   249 |    53 |       |       ||   347
         Reflection        |       |       |     3 |     6 |    14 |    10 |       |       ||    33
